 Dungeon Crawl Stone Soup version 0.30-a0-297-g0ec75d9ef4 (webtiles) character file.

Game seed: 11121088852272885389

65 Bnni the Shield-Bearer (level 4, -3/37 HPs)
             Began as a Formicid Fighter on Oct 18, 2022.
             Slain by Grinder (4 damage)
             ... on level 3 of the Dungeon.
             The game lasted 00:03:38 (1770 turns).

Bnni the Shield-Bearer (Formicid Fighter)           Turns: 1770, Time: 00:03:39

Health: -3/37      AC:  9    Str: 20    XL:     4   Next: 35%
Magic:  4/4        EV:  7    Int:  8    God:
Gold:   251        SH:  5    Dex: 15    Spells: 3/3 levels left

rFire   . . .      SeeInvis +    a - +0 long sword
rCold   . . .      Faith    .    c - +0 buckler
rNeg    . . .      Spirit   .    g - +0 chain mail
rPois   .          Reflect  .    (helmet unavailable)
rElec   .          Harm     .    (no cloak)
rCorr   +          Rampage  .    (no gloves)
Will    .....                    (no boots)
Stlth   ..........               (no amulet)
HPRegen 0.26/turn                i - ring of resist corrosion
MPRegen 0.09/turn                (no ring)

@: mighty
A: permanent stasis, dig shafts and tunnels, antennae 3, four strong arms
a: Dig, Shaft Self


You were on level 3 of the Dungeon.
You visited 1 branch of the dungeon, and saw 3 of its levels.

You collected 251 gold pieces.

Inventory:

Hand Weapons
 a - a +0 long sword (weapon)
Armour
 c - a +0 buckler (worn)
 g - a +0 chain mail (worn)
Jewellery
 i - a ring of resist corrosion (left hand)
Scrolls
 b - a scroll of teleportation {unknown}
 e - 3 scrolls of identify {unknown}
 j - a scroll of amnesia {unknown}
 l - a scroll of brand weapon {unknown}
 m - a scroll of silence {unknown}
 o - a scroll of noise {unknown}
Potions
 f - a potion of mutation {unknown}
 h - 2 potions of heal wounds {unknown}
 k - a potion of magic {unknown}
 n - a potion of flight {unknown}


   Skills:
 + Level 3.8 Fighting
 * Level 3.3 Long Blades
 - Level 3.2 Armour
 + Level 4.7 Shields


You had 3 spell levels left.
You didn't know any spells.
Your spell library contained the following spells:

 Spells                   Type           Power      Damage    Failure   Level
 Summon Small Mammal      Summ           0%         N/A       99%         1
 Call Canine Familiar     Summ           0%         N/A       100%        3
 Kindle Blastsparks       Fire/Tloc/Air  0%         2d10      100%        3
 Summon Guardian Golem    Hex/Summ       0%         N/A       100%        3
 Fulminant Prism          Conj/Hex       0%         3d6       100%        4
 Iskenderun's Mystic Bla  Conj/Tloc      0%         2d3       100%        4
 Lee's Rapid Deconstruct  Erth           0%         3d4*      100%        5


Dungeon Overview and Level Annotations

Branches:
Dungeon (3/15)

Altars:

Shops:
D:1 :

Annotations:
D:3 Grinder


Innate Abilities, Weirdness & Mutations

You cannot be hasted, slowed, berserked, paralysed or teleported.
You can dig through walls and to a lower floor.
You have a pair of large antennae on your head. (SInv)
Your four strong arms can wield two-handed weapons with a shield.


Message History

Grinder says, "Don't move a muscle."
You hit Grinder.
Grinder is lightly wounded.
Grinder barely misses you.
You hit Grinder but do no damage.
Grinder is lightly wounded.
Grinder gestures at you. Pain shoots through your body!
You hit Grinder but do no damage.
Grinder is lightly wounded.
Grinder hits you but does no damage. Grinder closely misses you.
You closely miss Grinder.
Grinder is lightly wounded.
Grinder hits you.
You are too injured to fight recklessly!
You are too injured to fight recklessly!
Okay, then.
Okay, then.
You completely miss Grinder.
Grinder is lightly wounded.
You block Grinder's attack.
You slash Grinder!
Grinder is moderately wounded.
You block Grinder's attack.
You closely miss Grinder.
Grinder is moderately wounded.
Grinder hits you.
You writhe in agony.
* * * LOW HITPOINT WARNING * * *
Grinder hits you but does no damage.
You feel very mighty all of a sudden. Grinder hits you.
* * * LOW HITPOINT WARNING * * *
You writhe in agony.
* * * LOW HITPOINT WARNING * * *
You slash Grinder!
Grinder is heavily wounded.
Grinder hits you.
* * * LOW HITPOINT WARNING * * *
You writhe in agony.
You die...

### #<# #.# # #.#
. #.#.# ..
#.#†####.###
#..........#
##.#..@####.#.###
.......5..........
...............#
.......###...###
.............#
.......###...#
....... #....#
....... #.#....
.... #.##.#..


You could see Grinder.

Vanquished Creatures
  2 adders (D:2)
  2 ball pythons
  3 endoplasms (D:1)
  3 giant cockroaches (D:2)
  3 goblins
  5 hobgoblins
  5 jackals
  8 kobolds
  A quokka (D:2)
  3 bats
  2 frilled lizards
  4 rats
41 creatures vanquished.

Notes
Turn   | Place    | Note
-------+----------+-------------------------------------------
     0 | D:1      | Bnni the Formicid Fighter began the quest for the Orb.
     0 | D:1      | Reached XP level 1. HP: 18/18 MP: 1/1
   214 | D:1      | Reached XP level 2. HP: 22/24 MP: 2/2
   527 | D:1      | Found Hacavain's Book Boutique.
   540 | D:1      | You fall into a shaft and drop 1 floor!
   626 | D:1      | Reached XP level 3. HP: 29/29 MP: 3/3
  1140 | D:2      | Identified the +1 ring mail "Gaeps" {rElec Str+5}
  1168 | D:2      | Reached XP level 4. HP: 34/37 MP: 4/4
  1727 | D:3      | Noticed Grinder
  1770 | D:3      | HP: 1/37 [Grinder (5)]
  1770 | D:3      | Slain by Grinder

Illustrated notes

Levels and vault maps discovered:
D:1:      dpeg_arrival_three_smaller_balls, layout_loops_ring, serial_shops,
          nicolae_shop_crystal, minmay_quantized
D:2:      layout_basic, nicolae_concentric_dashed_squares_mild,
          chequers_serial_rivers_large_a
D:3:      kennysheep_goblin_castle, layout_basic, mainiacjoe_overflow_catwalk,
          uniq_grinder

Skill      XL: |  1  2  3 |
---------------+----------+-----
Long Blades    | 3 |  3.3
Fighting       | |  3.8
Armour         | |  3.2
Shields        | |  4.7

Action                   |  1- 3 |  4- 6 || total
-------------------------+-------+-------++-------
Melee: Long sword        |   105 |    38 ||   143
  Use: Potion            |       |     1 ||     1
Armor: Scale mail        |    20 |       ||    20
       Chain mail        |    45 |    21 ||    66
Dodge: Dodged            |    49 |    15 ||    64
Block: Buckler           |    27 |    10 ||    37

Table legend: (Time is in decaauts)
 A = Elapsed time spent in this place.
 B = Non-inter-level travel time spent in this place.
 C = Inter-level travel time spent in this place.
 D = Time resting spent in this place.
 E = Time spent auto-exploring this place.
 F = Levels seen in this place.
 G = Mean time per level.
                   A        B        C        D        E       F      G
               +--------+--------+--------+--------+--------+-----+--------+
         Total |   1818 |   1777 |     41 |      4 |   1408 |   3 |  606.0 |
       Dungeon |   1818 |   1777 |     41 |      4 |   1408 |   3 |  606.0 |
               +--------+--------+--------+--------+--------+-----+--------+

Top non-repeatable levels by time:
     D:1: 879 daAuts
     D:2: 878 daAuts
     D:3: 60 daAuts
